AoeStats
← KND

Arena

507832049Analyzed
4v4 RM · 12d ago on Sep 19, 2026· 47m 12s· 8 players
Game mode
Random Map
Map size
Large (8 player)
Population
200
Speed
Normal
Resources
Standard
Victory
Conquest
Starting age
Dark Age
Ending age
Imperial Age
RankedLock teamsTeams togetherTeam positionsShared explorationLock speedFull tech treeHidden civsTurbo modeCheats
Victory
Defeat
🇧🇷 Khmer · Brazil
1496
+7
🇦🇷 Aztecs · Argentina
1375
+11
🇮🇳 Vikings · India
1330
+13
🇧🇩 Bohemians · Bangladesh
1276
+15
🇺🇸 Bohemians · United States
1365
-16
🇧🇷 Turks · Brazil
1267
-11
🇧🇷 Magyars · Brazil
1220
-10
🇧🇷 Cumans · Brazil
1201
-9
XxBuzzXx
11:41 Feudal Age
15:19 Castle Age
13:48 Double-Bit Axe
13:46 Horse Collar
19:47 Fletching
20:31 Bodkin Arrow
22:54 Chieftains
23:04 Loom
24:42 Scale Mail Armor
28:22 Chain Mail Armor
28:18 Forging
30:37 Iron Casting
30:15 Squires
31:26 Bow Saw
31:20 Heavy Plow
33:04 Gold Mining
38:18 Imperial Age
36:56 Padded Archer Armor
38:01 Crossbowman
38:58 Leather Archer Armor
39:07 Ballistics
38:25 Elite Berserk
39:07 Bogsveigar
40:58 Chemistry
39:27 Arbalester
41:12 Bracer
41:57 Conscription
42:51 Elite Skirmisher
43:09 Capped Ram
44:55 Ring Archer Armor
44:10 Siege Ram
Gunslinger
10:47 Feudal Age
11:43 Double-Bit Axe
14:55 Castle Age
16:05 Bow Saw
16:46 Redemption
22:48 Horse Collar
30:40 Wheelbarrow
38:26 Hand Cart
45:12 Heavy Plow
DGHIR | Miloss
11:20 Feudal Age
12:49 Double-Bit Axe
15:52 Castle Age
14:55 Wheelbarrow
15:29 Scale Mail Armor
15:21 Horse Collar
15:41 Loom
16:58 Squires
20:00 Fervor
21:00 Town Watch
23:08 Hand Cart
25:30 Bow Saw
27:14 Heavy Plow
27:12 Gold Mining
27:12 Stone Mining
28:30 Fletching
31:28 Imperial Age
29:00 Eagle Warrior
31:10 Chain Mail Armor
31:05 Forging
31:07 Bodkin Arrow
31:19 Pikeman
32:21 Atlatl
32:16 Capped Ram
34:02 Garland Wars
34:02 Conscription
35:23 Plate Mail Armor
35:28 Iron Casting
35:15 Conscription
35:47 Siege Engineers
36:18 Arson
36:18 Gambesons
39:15 Chemistry
37:51 Elite Eagle Warrior
39:07 Bracer
40:08 Blast Furnace
40:48 Padded Archer Armor
42:23 Ballistics
42:11 Siege Ram
43:45 Leather Archer Armor
44:31 Elite Jaguar Warrior
KND
10:33 Feudal Age
13:38 Castle Age
11:42 Double-Bit Axe
12:37 Horse Collar
15:20 Bow Saw
16:21 Wheelbarrow
16:11 Heavy Plow
16:54 Loom
18:56 Town Watch
22:54 Hand Cart
26:47 Imperial Age
25:02 Gold Mining
26:19 Fletching
26:51 Ballistics
26:38 Stone Mining
26:51 Husbandry
27:01 Bloodlines
27:35 Gold Shaft Mining
27:07 Bodkin Arrow
27:55 Masonry
27:12 Light Cavalry
28:43 Conscription
30:19 Stone Shaft Mining
31:06 Chemistry
32:01 Scale Barding Armor
31:22 Hussar
32:38 Forging
33:24 Chain Barding Armor
34:11 Iron Casting
33:40 Bracer
34:16 Crop Rotation
33:53 Elite Ballista Elephant
35:52 Plate Barding Armor
35:51 Architecture
36:03 Double Crossbow
36:26 Fortified Wall
38:14 Blast Furnace
41:44 Capped Ram
42:46 Siege Engineers
42:38 Murder Holes
42:48 Padded Archer Armor
42:53 Town Patrol
43:08 Siege Ram
PNLN | Baiano
7:25 Loom
10:47 Feudal Age
15:18 Castle Age
13:32 Double-Bit Axe
13:33 Horse Collar
20:36 Fletching
21:14 Bow Saw
23:26 Fervor
23:44 Heavy Plow
25:57 Sanctity
26:02 Fortified Wall
26:58 Redemption
29:33 Chemistry
29:30 Wheelbarrow
34:20 Imperial Age
32:54 Bodkin Arrow
32:59 Padded Archer Armor
33:59 Hand Cart
33:29 Town Watch
35:57 Leather Archer Armor
38:53 Ring Archer Armor
38:24 Bracer
38:37 Masonry
38:35 Pikeman
39:16 Squires
39:28 Forging
45:35 Arrowslits
46:10 Bombard Tower
LzDazz
3:52 Loom
12:24 Feudal Age
16:08 Castle Age
20:05 Imperial Age
18:13 Padded Archer Armor
19:46 Double-Bit Axe
29:28 Wheelbarrow
32:37 Horse Collar
34:50 Gold Mining
39:53 Fletching
Portel4
10:46 Feudal Age
12:17 Loom
14:39 Castle Age
13:40 Scale Barding Armor
14:40 Double-Bit Axe
15:40 Chain Barding Armor
16:41 Horse Collar
17:50 Bloodlines
19:02 Light Cavalry
25:36 Bow Saw
27:36 Wheelbarrow
31:07 Gold Mining
32:13 Heavy Plow
33:11 Gold Shaft Mining
36:59 Imperial Age
34:46 Hand Cart
35:27 Husbandry
36:01 Loom
37:01 Cavalier
38:18 Plate Barding Armor
40:03 Chemistry
39:12 Onager
44:54 Paladin
45:43 Town Watch
45:55 Hussar
APY_TIAGO
7:15 Loom
9:30 Feudal Age
12:11 Horse Collar
13:02 Double-Bit Axe
21:28 Wheelbarrow
23:15 Castle Age
21:24 Gold Mining
22:42 Scale Barding Armor
22:48 Forging
23:40 Bloodlines
24:40 Bow Saw
24:51 Hand Cart
28:46 Iron Casting
32:47 Imperial Age
30:40 Town Watch
31:11 Heavy Plow
32:34 Stone Mining
33:13 Chain Barding Armor
33:16 Cavalier
36:22 Plate Barding Armor
36:48 Blast Furnace
38:57 Fletching
40:23 Light Cavalry
41:57 Conscription
43:04 Hussar
Connection lost

Rejoining the realm…

Still unreachable

The connection could not be restored.

Session expired

The server has moved on; the page needs a fresh start.